 Dungeon Crawl Stone Soup version 0.21.0-3-g78d12a8 (webtiles) character file.

925 Helmschank the Slicer (level 8, -6/49 HPs)
             Began as a Kobold Hunter on Jan 13, 2018.
             Mangled by an ogre
             ... wielding a +0 giant spiked club
              (10 damage)
             ... on level 5 of the Dungeon.
             The game lasted 00:17:14 (5156 turns).

Helmschank the Slicer (Kobold Hunter)               Turns: 5156, Time: 00:17:14

Health: -6/49      AC: 12    Str: 11    XL:     8   Next: 32%
Magic:  10/10      EV: 13    Int: 12    God:
Gold:   136        SH:  0    Dex: 16    Spells: 7/7 levels left

rFire    . . .     SeeInvis .   a - +2 dagger (protect)
rCold    . . .     Gourm    .   (shield restricted)
rNeg     . . .     Faith    .   g - +0 ring mail
rPois    .         Spirit   .   (no helmet)
rElec    .         Reflect  .   (no cloak)
rCorr    .         Harm     .   (no gloves)
MR       .....                  (no boots)
Stlth    +.........             (no amulet)
HPRegen  0.16/turn              (no ring)
MPRegen  0.12/turn              (no ring)

@: protection aura
A: small, carnivore
a: no special abilities


You were on level 5 of the Dungeon.
You were completely stuffed.

You visited 1 branch of the dungeon, and saw 5 of its levels.

You collected 136 gold pieces.

Inventory:

Hand Weapons
 a - a +2 dagger of protection (weapon)
 b - a +1 hand crossbow
 j - a +0 short sword
Missiles
 d - 31 bolts
Armour
 c - a +0 leather armour
 g - a +0 ring mail (worn)
Wands
 k - a wand of polymorph (13)
 m - a wand of random effects (34)
Scrolls
 e - 2 scrolls of remove curse
Potions
 h - a potion of haste {unknown}
 i - a potion of invisibility
 l - a potion of resistance
 n - a potion of curing
 q - a potion of agility {unknown}
 s - a potion of flight {unknown}
Comestibles
 f - 5 rations
 o - a chunk of flesh


   Skills:
 * Level 5.0 Fighting
 - Level 8.0 Short Blades
 - Level 4.8 Crossbows
 - Level 3.2 Armour
 - Level 2.4 Dodging
 - Level 1.3 Stealth
 - Level 2.7 Evocations


You had 7 spell levels left.
You didn't know any spells.

Dungeon Overview and Level Annotations

Branches:
Dungeon (5/15)
 Temple: D:4-7

Altars:
Elyvilon
Fedhas
Kikubaaqudgha
Qazlal
Uskayaw
Xom


Innate Abilities, Weirdness & Mutations

You are small and have problems with some larger weapons.
You are carnivorous and can eat meat at any time.


Message History

Your +2 dagger of protection hums with potential!
a - a +2 dagger of protection (weapon)
The ogre hits you with a giant spiked club!!
You take 18 damage, and have 21/49 hp.
MASSIVE DAMAGE!!
You hit the ogre.
Your weapon exudes an aura of protection.
The ogre is severely wounded.
You hit the ogre.
The ogre is almost dead.
The ogre hits you with a giant spiked club!!
* * * LOW HITPOINT WARNING * * *
You take 18 damage, and have 4/49 hp.
MASSIVE DAMAGE!!
You hit the ogre.
The ogre is almost dead.
You barely miss the ogre.
The ogre is almost dead.
You hit the ogre.
The ogre is almost dead.
The ogre hits you with a giant spiked club!
You die...

#....##...##...##..
#.(.......##...##..
#.........#....##..
#....##...+....##..
#.(..##...#........
#.(...'...#........
#.....#...#........
#.O).###'########..
#.@..##ยง..##...##..
#)...#..........'..
#....+..........#..
#....#..........#..
###################


You could see an ogre.

Vanquished Creatures
  Grinder (D:5)
  The ghost of exolun the Sneak, an amateur OpEn (D:4)
  3 ogres (D:4)
  2 orc priests
  Ijyb (D:4)
  2 orc wizards
  A worker ant (D:4)
  6 adders
  A shadow imp (D:5)
  An ooze (D:1)
  2 worms
  5 dart slugs (D:1)
  A leopard gecko (D:4)
  11 orcs
  A ball python (D:4)
  6 bats
  3 giant cockroaches
  9 goblins
  8 hobgoblins
  4 kobolds
  3 quokkas
  5 frilled lizards
  A leopard gecko skeleton (D:4)
  3 rats
81 creatures vanquished.

Notes
Turn   | Place    | Note
-------+----------+-------------------------------------------
     0 | D:1      | Helmschank the Kobold Hunter began the quest for the Orb.
     0 | D:1      | Reached XP level 1. HP: 12/12 MP: 1/1
    76 | D:1      | Reached skill level 1 in Short Blades
   138 | D:1      | Reached skill level 2 in Short Blades
   138 | D:1      | Reached XP level 2. HP: 17/17 MP: 2/2
   375 | D:1      | Reached skill level 3 in Short Blades
   409 | D:1      | Reached XP level 3. HP: 21/21 MP: 3/3
   652 | D:1      | Reached skill level 4 in Short Blades
   971 | D:2      | Found a hide-covered altar of Uskayaw.
   971 | D:2      | Found a white marble altar of Elyvilon.
  1199 | D:2      | Reached XP level 4. HP: 19/26 MP: 4/4
  1928 | D:3      | Found a shimmering altar of Xom.
  1967 | D:3      | Reached skill level 5 in Short Blades
  2336 | D:3      | Reached skill level 6 in Short Blades
  2336 | D:3      | Reached XP level 5. HP: 30/30 MP: 5/5
  2412 | D:3      | Found a blossoming altar of Fedhas.
  2693 | D:3      | Found an ancient bone altar of Kikubaaqudgha.
  2969 | D:4      | Found a stormy altar of Qazlal.
  3046 | D:4      | Noticed exolun's ghost (amateur OpEn)
  3423 | D:4      | Reached XP level 6. HP: 29/38 MP: 6/6
  3633 | D:4      | Noticed an ogre
  3649 | D:4      | Killed an ogre
  3720 | D:4      | Noticed an ogre
  3736 | D:4      | Killed an ogre
  3736 | D:4      | Reached skill level 1 in Armour
  3736 | D:4      | Reached XP level 7. HP: 44/44 MP: 7/7
  3905 | D:4      | Killed exolun's ghost
  4129 | D:4      | You fall through a shaft!
  4129 | D:5      | Entered Level 5 of the Dungeon
  4133 | D:5      | Noticed Grinder
  4153 | D:5      | Noticed Ijyb
  4373 | D:4      | Reached skill level 1 in Evocations
  4872 | D:4      | Killed Ijyb
  4904 | D:5      | Killed Grinder
  4904 | D:5      | Reached skill level 7 in Short Blades
  4904 | D:5      | Reached XP level 8. HP: 37/48 MP: 10/10
  5012 | D:5      | Reached skill level 8 in Short Blades
  5129 | D:5      | Reached skill level 5 in Fighting
  5156 | D:5      | Mangled by an ogre

Skill      XL: |  1  2  3  4  5  6  7  8 |
---------------+-------------------------+-----
Short Blades   | 2 3 4 6 7 8 |  8.0
Fighting       | 3 4 5 |  5.0
Armour         | 1 3 |  3.2
Evocations     | 2 |  2.7
Crossbows      | |  4.8
Dodging        | |  2.4
Stealth        | |  1.3

Action                   |  1- 3 |  4- 6 |  7- 9 || total
-------------------------+-------+-------+-------++-------
Melee: Short sword       |    31 |    49 |       ||    80
       Dagger            |       |    37 |    87 ||   124
       Hand crossbow     |       |     3 |       ||     3
       Unarmed           |       |       |     8 ||     8
 Fire: Hand crossbow     |    48 |    67 |    43 ||   158
Evoke: Wand              |       |     2 |     2 ||     4
  Use: Scroll            |       |    10 |     1 ||    11
       Potion            |       |       |     1 ||     1
  Eat: Chunk             |     9 |     8 |     4 ||    21
Armor: Leather armour    |    10 |       |       ||    10
       Ring mail         |       |    21 |    37 ||    58
       Skin              |       |       |     1 ||     1
Dodge: Dodged            |    42 |    52 |    53 ||   147
